[Event "December 12 Early 2023"]
[Site "https://www.chess.com"]
[Date "2023.12.12"]
[Round "3"]
[White "Spichkin, Alexander"]
[Black "Brodsky, David"]
[Result "0-1"]
[Board "76"]
[TimeControl "180+1"]
[WhiteFideId "4144074"]
[BlackFideId "2073250"]
[WhiteElo "2504"]
[BlackElo "2818"]
[WhiteTeam "RUS"]
[BlackTeam "USA"]
[WhiteClock "0:01:16"]
[BlackClock "0:00:10"]

1. f4 d5 2. Nf3 Bg4 3. Ne5 Bh5 4. c4 f6 5. Nf3 dxc4 6. Qa4+ Nc6 7. Qxc4 Qd7 8. Nc3 O-O-O 9. b3 e5 10. fxe5 fxe5 11. g3 Bxf3 12. exf3 Nd4 13. Kf2 Nf6 14. h4 Kb8 15. Bh3 Qd6 16. a4 Qb6 17. Rb1 Nxb3+ 18. Kg2 Nxd2 19. Bxd2 Rxd2+ 20. Ne2 Qc5 21. Rxb7+ Kxb7 22. Rb1+ Qb6 23. Rxb6+ axb6 24. Kf1 Bc5 25. Bg2 Rhd8 26. f4+ e4 27. Nc3 Rf2+ 28. Ke1 Rxg2 29. Nxe4 Re8 30. Kf1 Rg1+ 31. Ke2 Rxe4+ 32. Qxe4+ Nxe4 33. Kd3 Nxg3 0-1

[Event "December 12 Early 2023"]
[Site "https://www.chess.com"]
[Date "2023.12.12"]
[Round "3"]
[White "Mikhailovsky, Vladimir"]
[Black "Dinu, Dumitru-Daniel"]
[Result "1-0"]
[Board "77"]
[TimeControl "180+1"]
[WhiteFideId "34105414"]
[BlackFideId "1208403"]
[WhiteElo "2805"]
[BlackElo "2504"]
[WhiteTeam "RUS"]
[BlackTeam "ROU"]
[WhiteClock "0:00:07"]
[BlackClock "0:00:04"]

1. d4 Nf6 2. c4 e6 3. Nc3 Bb4 4. e3 O-O 5. Bd3 d5 6. a3 Bxc3+ 7. bxc3 c5 8. cxd5 exd5 9. Ne2 b6 10. O-O Ba6 11. f3 Re8 12. Ng3 Bxd3 13. Qxd3 Nc6 14. Bb2 c4 15. Qe2 b5 16. e4 a5 17. e5 b4 18. Qd2 bxc3 19. Bxc3 Nd7 20. f4 Nb6 21. f5 f6 22. Nh5 fxe5 23. f6 Rf8 24. fxg7 Rxf1+ 25. Rxf1 Qe7 26. Qh6 Nd7 27. dxe5 Ncxe5 28. h3 Re8 29. Bxe5 Qxe5 30. Qc6 Qe6 31. Qb5 Qd6 32. Qxd7 Qxd7 33. Nf6+ Kxg7 34. Nxd7 Rd8 35. Nc5 Rc8 36. Ne6+ Kg6 37. Nd4 c3 38. Rc1 Rc4 39. Ne2 d4 40. Kf2 Kf5 41. g3 Ke4 42. g4 d3 43. Rxc3 Ra4 44. Ng3+ Kd4 45. Rc1 d2 46. Rd1 Kd3 47. Nf1 Rf4+ 48. Kg2 Ke2 49. Rxd2+ Ke1 50. Rd7 Rf2+ 51. Kg3 Rxf1 52. Rxh7 Rg1+ 53. Kf4 Rf1+ 54. Kg5 Rf3 55. Re7+ Kf2 56. h4 Kg3 57. h5 Rb3 58. h6 Rb5+ 59. Kg6 Kxg4 60. h7 Rg5+ 61. Kf7 Rh5 62. Kg8 Rg5+ 63. Rg7 a4 64. Rxg5+ Kxg5 65. h8=Q Kf4 66. Qc3 Ke4 67. Qb4+ Kd5 68. Qxa4 1-0

[Event "December 12 Early 2023"]
[Site "https://www.chess.com"]
[Date "2023.12.12"]
[Round "3"]
[White "Kruckenhauser, Arthur"]
[Black "Klukin, Kirill"]
[Result "0-1"]
[Board "78"]
[TimeControl "180+1"]
[WhiteFideId "1642812"]
[BlackFideId "24199273"]
[WhiteElo "2502"]
[BlackElo "2802"]
[WhiteTeam "AUT"]
[BlackTeam "RUS"]
[WhiteClock "0:00:08"]
[BlackClock "0:00:19"]

1. d4 f5 2. e3 Nf6 3. Bd3 e6 4. Nf3 b6 5. Nbd2 Bb7 6. Qe2 Ne4 7. c4 Bb4 8. O-O O-O 9. a3 Be7 10. Ne1 c5 11. f3 Nxd2 12. Bxd2 Bf6 13. Bc3 f4 14. Nc2 Nc6 15. Qf2 fxe3 16. Qxe3 cxd4 17. Nxd4 Ne5 18. Be2 Rc8 19. Nxe6 dxe6 20. Bxe5 Rc5 21. Bxf6 Qxf6 22. b4 Re5 23. Qf2 Rg5 24. Rad1 Qb2 25. Rd7 Rf7 26. Rxf7 Kxf7 27. Rd1 Bc6 28. Qh4 Qxe2 29. Qxg5 Qxd1+ 30. Kf2 Qc2+ 31. Kg1 Qxc4 32. Qd8 Qd5 33. Qc7+ Qd7 34. Qf4+ Ke7 35. Qg5+ Ke8 36. Qf4 h6 37. Qe5 Kf7 38. Qf4+ Kg8 39. Qb8+ Kh7 40. Qf4 Bd5 41. Qd4 Qf7 42. a4 Qg6 43. a5 Bxf3 44. Qf2 Qxg2+ 45. Qxg2 Bxg2 46. Kxg2 bxa5 47. bxa5 Kg6 48. Kf3 Kf5 49. Ke3 g5 50. Kd4 h5 51. Kc5 g4 52. Kc6 h4 53. Kb7 g3 54. hxg3 hxg3 55. Kxa7 g2 56. a6 g1=Q+ 57. Ka8 Qg8+ 58. Ka7 e5 59. Kb7 e4 60. a7 e3 61. a8=Q Qxa8+ 62. Kxa8 e2 0-1

[Event "December 12 Early 2023"]
[Site "https://www.chess.com"]
[Date "2023.12.12"]
[Round "3"]
[White "Korchmar, Vasiliy"]
[Black "Parfenov, Viktor N."]
[Result "1-0"]
[Board "79"]
[TimeControl "180+1"]
[WhiteFideId "24131750"]
[BlackFideId "4165969"]
[WhiteElo "2795"]
[BlackElo "2501"]
[WhiteTeam "RUS"]
[BlackTeam "RUS"]
[WhiteClock "0:00:59"]
[BlackClock "0:01:32"]

1. e4 e5 2. Nf3 Nc6 3. Bc4 Nf6 4. d3 Bc5 5. c3 O-O 6. Bg5 a6 7. Nbd2 h6 8. Bh4 Be7 9. O-O d6 10. a4 Nh5 11. Bg3 Nxg3 12. fxg3 Kh8 13. b4 f5 14. Qe2 fxe4 15. dxe4 Bg4 16. h3 Bh5 17. Bd5 Qd7 18. Nc4 Bf7 19. Ne3 Bg6 20. g4 Rae8 21. Nf5 Nd8 22. Rad1 c6 23. Bb3 Ne6 24. Nxe5 1-0

[Event "December 12 Early 2023"]
[Site "https://www.chess.com"]
[Date "2023.12.12"]
[Round "3"]
[White "GMFYHR1"]
[Black "Dragun, Kamil"]
[Result "0-1"]
[Board "80"]
[TimeControl "180+1"]
[BlackFideId "1134167"]
[WhiteElo "2499"]
[BlackElo "2787"]
[BlackTeam "POL"]
[WhiteClock "0:00:00"]
[BlackClock "0:00:20"]

1. d4 d5 2. c4 c6 3. cxd5 cxd5 4. Nc3 Nf6 5. Nf3 Nc6 6. Bf4 a6 7. Ne5 Qb6 8. Nxc6 bxc6 9. Qd2 Nh5 10. Be5 f6 11. Bg3 Nxg3 12. hxg3 e5 13. e3 Rb8 14. Na4 Qb4 15. b3 Qa3 16. Qc1 Qb4+ 17. Qd2 Bd6 18. Bd3 e4 19. Be2 a5 20. Rc1 Bd7 21. Nc5 Bxc5 22. Rxc5 a4 23. Bh5+ Ke7 24. Bd1 axb3 25. Qxb4 Rxb4 26. Bxb3 h5 27. Kd2 g5 28. Kc3 Rb7 29. a4 h4 30. a5 Rhb8 31. Ba4 hxg3 32. fxg3 Kd6 33. Rf1 f5 34. Rh1 Re8 35. Rh6+ Re6 36. Rxe6+ Kxe6 37. Bxc6 Bxc6 38. Rxc6+ Kd7 39. Rg6 Rb5 40. a6 Ra5 41. a7 Kc7 42. Rxg5 Kc6 43. Rg6+ Kb5 44. Rg7 Ra3+ 45. Kb2 Ra6 46. Rb7+ Kc4 47. Rf7 Kd3 48. Rxf5 Kxe3 49. Rxd5 Kd2 50. Rd7 e3 51. Re7 e2 52. Rxe2+ Kxe2 53. d5 Kd3 54. g4 Rxa7 55. g5 Kd4 0-1

[Event "December 12 Early 2023"]
[Site "https://www.chess.com"]
[Date "2023.12.12"]
[Round "3"]
[White "Yaniuk, Volodymyr"]
[Black "Javakhadze, Zurab"]
[Result "1-0"]
[Board "81"]
[TimeControl "180+1"]
[WhiteFideId "14133083"]
[BlackFideId "13603647"]
[WhiteElo "2496"]
[BlackElo "2780"]
[WhiteTeam "UKR"]
[BlackTeam "GEO"]
[WhiteClock "0:00:11"]
[BlackClock "0:00:04"]

1. d4 Nf6 2. c4 e6 3. Nf3 d5 4. g3 Be7 5. Bg2 O-O 6. O-O a5 7. Ne5 c6 8. Nc3 b6 9. e4 Ba6 10. exd5 exd5 11. Re1 Ra7 12. cxd5 cxd5 13. Bg5 Bb7 14. Qb3 Bb4 15. Ng4 Nbd7 16. a3 Bxc3 17. Qxc3 h6 18. Nxf6+ Nxf6 19. Bf4 Ba8 20. Rac1 Ne4 21. Qb3 Re7 22. f3 Nf6 23. Rxe7 Qxe7 24. Qxb6 a4 25. Qb4 Qe2 26. Re1 Qc2 27. Rc1 Qe2 28. Qd2 Qb5 29. Bf1 Qb3 30. Rc3 Qb6 31. Kg2 Re8 32. Be3 Nd7 33. Bf2 Nf8 34. Qc2 Bb7 35. Qxa4 Re6 36. Rb3 Qc7 37. Qa7 Re7 38. Qc5 Qd8 39. Rc3 Ne6 40. Qb4 g5 41. a4 g4 42. fxg4 Ng5 43. Re3 Ne4 44. Be1 Bc8 45. Be2 h5 46. gxh5 Qd7 47. Kg1 Kh7 48. Bd3 Qf5 49. Qd2 Bd7 50. Qe2 Kg8 51. b3 Bc6 52. a5 Bb7 53. b4 Rc7 54. b5 Rc1 55. a6 Ba8 56. b6 Qd7 57. b7 Bxb7 58. axb7 Qxb7 59. Bxe4 dxe4 60. Rxe4 Qb3 61. h6 Kh7 62. Qe3 Qc2 63. Re7 Qf5 64. Kg2 Rc2+ 65. Bf2 Qd5+ 66. Qe4+ Qxe4+ 67. Rxe4 f5 68. Rf4 Kxh6 69. Rxf5 Kg6 70. Rf4 Rd2 71. h4 Kh5 72. Kf3 Kg6 73. Be3 Rd3 74. g4 Ra3 75. Rf5 Kh7 76. d5 Ra4 77. h5 Ra7 78. Re5 Rd7 79. Ke4 Kg8 80. g5 Kh8 81. Bd4 Kh7 82. Re6 Rd8 83. g6+ Kg8 84. h6 Rf8 85. h7# 1-0

[Event "December 12 Early 2023"]
[Site "https://www.chess.com"]
[Date "2023.12.12"]
[Round "3"]
[White "Reprintsev, Alexander"]
[Black "Shuvalova, Polina"]
[Result "0-1"]
[Board "82"]
[TimeControl "180+1"]
[WhiteFideId "14100541"]
[BlackFideId "24171760"]
[WhiteElo "2496"]
[BlackElo "2769"]
[WhiteTeam "UKR"]
[BlackTeam "RUS"]
[WhiteClock "0:00:00"]
[BlackClock "0:00:49"]

1. e4 c6 2. Nc3 d5 3. Nf3 Bg4 4. h3 Bxf3 5. Qxf3 e6 6. b3 g6 7. exd5 cxd5 8. Qg3 Bg7 9. Ba3 Ne7 10. h4 h5 11. Bd3 Nbc6 12. O-O O-O 13. Rae1 Re8 14. Nb5 Rf8 15. Nd6 Qd7 16. Nxf7 Rxf7 17. Bxg6 Nxg6 18. Qxg6 Re8 19. Qxh5 Rf5 20. Qg4 Qf7 21. Bb2 Kh7 22. Bxg7 Qxg7 23. Qxf5+ exf5 24. Rxe8 Qg4 25. g3 f4 26. Kg2 Nd4 27. Re7+ Kh6 28. Rfe1 f3+ 29. Kh2 Ne2 30. Re5 Nf4 0-1

[Event "December 12 Early 2023"]
[Site "https://www.chess.com"]
[Date "2023.12.12"]
[Round "3"]
[White "Weetik, Vjacheslav"]
[Black "Gutierrez Olivares, Daniel"]
[Result "1-0"]
[Board "83"]
[TimeControl "180+1"]
[WhiteFideId "4153472"]
[BlackFideId "2264005"]
[WhiteElo "2747"]
[BlackElo "2492"]
[WhiteTeam "RUS"]
[BlackTeam "ESP"]
[WhiteClock "0:00:03"]
[BlackClock "0:00:00"]

1. e4 e6 2. d3 d5 3. Qe2 Nf6 4. Nf3 b6 5. g3 Ba6 6. e5 Nfd7 7. h4 c5 8. Bg2 c4 9. O-O cxd3 10. cxd3 Nc6 11. Nc3 h6 12. Bf4 Be7 13. h5 Nc5 14. Rad1 g5 15. hxg6 fxg6 16. a3 g5 17. Bc1 Nb3 18. Bh3 Qd7 19. Nd2 Nbd4 20. Qh5+ Kd8 21. Rfe1 Bxd3 22. Nf3 Nxf3+ 23. Qxf3 Bc4 24. Ne4 Kc7 25. Nf6 Bxf6 26. exf6 Rae8 27. b3 Ba6 28. Bb2 Rhf8 29. Qh5 Qd6 30. f7 Re7 31. Qxh6 Rfxf7 32. Rxe6 Rxe6 33. Qxe6 Re7 34. Qg8 Be2 35. Rc1 g4 36. Bxg4 Bxg4 37. Qxg4 Kb7 38. b4 a6 39. Rd1 Rd7 40. Qf5 d4 41. Qe4 Ka7 42. Rc1 Ne5 43. Re1 Re7 44. Kg2 Nc6 45. Qb1 Qd5+ 46. Kg1 Rd7 47. Qe4 Qd6 48. Rd1 d3 49. Bc3 Re7 50. Qf3 Rd7 51. Qe4 Ne7 52. Kg2 Nf5 53. Qxf5 Qc6+ 54. Kg1 Rd5 55. Qf7+ Rd7 56. Qf6 Qc4 57. Rd2 Qd5 58. Qf4 Rh7 59. f3 Re7 60. Kg2 1-0

[Event "December 12 Early 2023"]
[Site "https://www.chess.com"]
[Date "2023.12.12"]
[Round "3"]
[White "Musalov, Ruslan"]
[Black "Bazyrtsyrenov, Kirill"]
[Result "0-1"]
[Board "84"]
[TimeControl "180+1"]
[WhiteFideId "4141490"]
[BlackFideId "24215872"]
[WhiteElo "2490"]
[BlackElo "2742"]
[WhiteTeam "RUS"]
[BlackTeam "RUS"]
[WhiteClock "0:00:08"]
[BlackClock "0:00:59"]

1. e4 c5 2. Nf3 Nc6 3. d4 cxd4 4. Nxd4 g6 5. Nc3 Bg7 6. Be3 Nf6 7. Bc4 O-O 8. Bb3 Re8 9. f3 e6 10. Qd2 d5 11. O-O-O Nxd4 12. Bxd4 e5 13. Bf2 d4 14. Nd5 Nxd5 15. Bxd5 Be6 16. Bxe6 Rxe6 17. h4 Rc8 18. Kb1 Qe8 19. h5 Qb5 20. hxg6 hxg6 21. Qd3 Qa5 22. Be1 Qa4 23. Qb3 Qd7 24. Bd2 Rb6 25. Qd5 Qxd5 26. exd5 Rc5 27. Bh6 Rxd5 28. Bxg7 Kxg7 29. Rhe1 a5 30. g4 a4 31. b3 a3 32. f4 exf4 33. Re4 g5 34. c4 Rd7 35. Re5 f6 36. Rd5 Rbd6 37. R1xd4 Rxd5 38. cxd5 f3 39. Kc2 f2 40. Rd1 Rxd5 41. Rf1 Rd4 42. Rxf2 Rxg4 43. Rd2 b5 0-1

[Event "December 12 Early 2023"]
[Site "https://www.chess.com"]
[Date "2023.12.12"]
[Round "3"]
[White "Harshavardhan G B"]
[Black "Tabuenca Mendataurigoitia, Daniel"]
[Result "1/2-1/2"]
[Board "85"]
[TimeControl "180+1"]
[WhiteFideId "25059009"]
[BlackFideId "24563617"]
[WhiteElo "2735"]
[BlackElo "2485"]
[WhiteTeam "IND"]
[BlackTeam "ESP"]
[WhiteClock "0:00:09"]
[BlackClock "0:00:04"]

1. e4 Nc6 2. Nf3 d6 3. d4 Nf6 4. Nc3 g6 5. h3 Bg7 6. Bc4 O-O 7. Qe2 e5 8. dxe5 Nxe5 9. Nxe5 dxe5 10. Be3 c6 11. a4 a5 12. O-O Qc7 13. Rad1 Nd7 14. Rd2 Nb6 15. Bb3 Be6 16. Bxe6 fxe6 17. Rfd1 Rfd8 18. b3 Rxd2 19. Qxd2 Bf8 20. Qd3 Be7 21. Bxb6 Qxb6 22. Qd7 Kf7 23. Qd3 Rd8 24. Qf3+ Kg8 25. Rxd8+ Qxd8 26. Kh2 Qd2 27. Ne2 Qxc2 28. Ng1 b5 29. Qg3 Qxe4 30. axb5 cxb5 31. Qc3 Qf4+ 32. Kh1 a4 33. bxa4 bxa4 34. Nf3 Bf6 35. Qc8+ Kg7 36. Qd7+ Kh6 37. Qxe6 e4 38. Ng1 Qf5 39. Qa2 a3 40. Qxa3 Qxf2 41. Qf8+ Kg5 42. h4+ Kg4 43. Qc8+ Kh5 44. Qc7 h6 45. Qc6 Qf5 46. Qc2 Bxh4 47. Qe2+ Qg4 48. Qb5+ Bg5 49. Nh3 e3 50. Qe5 e2 51. Kh2 e1=Q 52. Qxe1 Bf4+ 53. Kh1 Bg3 54. Qa5+ g5 55. Qd5 Qe2 56. Qf7+ Kg4 57. Qd7+ Kh5 58. Ng1 Qe4 59. Qd1+ Qg4 60. Qc2 Qh4+ 61. Nh3 Qd4 62. Qf5 Qa1+ 63. Ng1 Qd1 64. Qf7+ Kg4 65. Qe6+ Kh5 66. Qh3+ Kg6 67. Qxg3 Qh5+ 68. Nh3 Qd1+ 69. Kh2 Qd5 70. Qe3 Qf5 71. Kg1 Kh5 72. Qe2+ Kg6 73. Nf2 Qc5 74. Qe4+ Kg7 75. Qf3 Qc1+ 76. Kh2 Qc7+ 77. g3 Qc2 78. Kg2 Kg6 79. Qe4+ Qxe4+ 80. Nxe4 Kf5 81. Kf3 h5 82. Nd6+ Kg6 83. Nc4 Kf5 84. Ne3+ Ke5 85. Ng2 Kf5 86. Ne3+ Ke5 87. Kf2 Ke4 88. Ke2 Ke5 89. Kf3 Ke6 90. Ng2 Ke5 91. Ne1 Kf5 92. Nd3 g4+ 93. Ke3 Kg5 94. Nc5 h4 95. Ne6+ Kh5 96. Nf4+ Kg5 97. gxh4+ Kxh4 98. Kf2 g3+ 99. Kg2 Kg4 100. Ne2 Kg5 101. Nxg3 1/2-1/2

[Event "December 12 Early 2023"]
[Site "https://www.chess.com"]
[Date "2023.12.12"]
[Round "3"]
[White "Azali, Tannaz"]
[Black "Komov, Roman"]
[Result "1-0"]
[Board "86"]
[TimeControl "180+1"]
[WhiteFideId "12537721"]
[BlackFideId "24175714"]
[WhiteElo "2485"]
[BlackElo "2690"]
[WhiteTeam "IRI"]
[BlackTeam "RUS"]
[WhiteClock "0:00:54"]
[BlackClock "0:01:07"]

1. e4 c5 2. Nc3 Nc6 3. Bb5 Nd4 4. Nf3 a6 5. Bd3 Nc6 6. O-O g6 7. Bc4 Bg7 8. a4 d6 9. Re1 Nf6 10. d4 cxd4 11. Nxd4 Nxd4 12. Qxd4 O-O 13. Qd3 Bd7 14. Bg5 Rc8 15. Rad1 Qa5 16. e5 dxe5 17. Bxf6 exf6 18. Qxd7 Rxc4 19. Qxb7 Rb4 20. Qe7 Rxb2 21. Nd5 Rxc2 22. Nxf6+ Kh8 23. Nd7 Qd8 24. Qd6 Re8 25. Qxa6 Qh4 26. g3 Qg4 27. Qd3 Ra2 28. Qd5 Qxa4 29. Qxf7 Qa7 30. Qxe8+ 1-0

[Event "December 12 Early 2023"]
[Site "https://www.chess.com"]
[Date "2023.12.12"]
[Round "3"]
[White "Aaditya Dhingra"]
[Black "Iljin, Timofey"]
[Result "0-1"]
[Board "87"]
[TimeControl "180+1"]
[WhiteFideId "25678191"]
[BlackFideId "14110180"]
[WhiteElo "2690"]
[BlackElo "2484"]
[WhiteTeam "IND"]
[BlackTeam "UKR"]
[WhiteClock "0:00:00"]
[BlackClock "0:00:03"]

1. c4 f5 2. Nc3 Nf6 3. d4 g6 4. g3 Bg7 5. Bg2 O-O 6. Nf3 d6 7. d5 Qe8 8. O-O Na6 9. Rb1 Nc5 10. Nd4 a5 11. b3 Bd7 12. Bb2 c6 13. a3 cxd5 14. cxd5 b5 15. Nc6 b4 16. axb4 axb4 17. Nb5 Rc8 18. Nbd4 e5 19. Nb5 Nb7 20. Rc1 Kh8 21. Ra1 Ne4 22. Ra7 Bxc6 23. dxc6 Qxc6 24. Rxb7 Qxb7 25. Nxd6 Qe7 26. Nxc8 Rxc8 27. Bxe4 fxe4 28. Qd5 e3 29. fxe3 Qa7 30. Qe4 Re8 31. Kg2 Qc5 32. Rc1 Qb5 33. Qc4 Qb7+ 34. Qc6 Qf7 35. Rf1 Qg8 36. e4 Rc8 37. Qd5 Qe8 38. Rd1 Rc2 39. Qd8 Qg8 40. Rd2 Rxd2 41. Qxd2 h5 42. Qd3 Qe6 43. h3 Kh7 44. Qd5 Qa6 45. Qc4 Qb7 46. Qd5 Qa6 47. Kf3 Qa2 48. Bxe5 Bxe5 49. Qxe5 Qxb3+ 50. Kg2 Qf7 51. Qd4 b3 52. Kh2 Qb7 0-1

[Event "December 12 Early 2023"]
[Site "https://www.chess.com"]
[Date "2023.12.12"]
[Round "3"]
[White "KacperKacprzak"]
[Black "Berezin, Viktor"]
[Result "0-1"]
[Board "88"]
[TimeControl "180+1"]
[BlackFideId "14107872"]
[WhiteElo "2689"]
[BlackElo "2480"]
[BlackTeam "UKR"]
[WhiteClock "0:00:03"]
[BlackClock "0:00:14"]

1. c4 Nf6 2. Nc3 g6 3. g3 Bg7 4. Bg2 O-O 5. d4 d6 6. e3 Nc6 7. Nge2 a6 8. O-O Rb8 9. b3 e5 10. Bb2 Bd7 11. Rc1 Re8 12. Nd5 exd4 13. Nxd4 Ne5 14. h3 c6 15. Nxf6+ Bxf6 16. f4 c5 17. fxe5 Bxe5 18. Qf3 Rf8 19. Qf2 cxd4 20. exd4 Bg7 21. Rce1 b5 22. c5 Bf5 23. Rc1 dxc5 24. dxc5 Bxb2 25. Qxb2 Qc7 26. g4 Be6 27. c6 Rbd8 28. Qf2 Rd6 29. Rfd1 Rfd8 30. Rxd6 Rxd6 31. Qc5 Rd2 32. Qe3 Rxa2 33. Rd1 a5 34. Qd4 Qg3 35. Qe4 Kg7 36. Qd4+ Kh6 37. Qe4 a4 38. bxa4 bxa4 39. g5+ Qxg5 40. Kh1 Qg3 41. Qf3 Qxf3 42. Bxf3 Rc2 43. Be4 Rc3 44. h4 a3 45. Ra1 a2 46. Kg2 f5 47. Bf3 g5 48. hxg5+ Kxg5 49. Kf2 Kf4 50. Bg2 Rc2+ 51. Kg1 Kg3 52. Bf1 f4 53. Re1 f3 54. Rd1 Bg4 55. Ra1 f2+ 56. Kh1 Bf3+ 0-1

[Event "December 12 Early 2023"]
[Site "https://www.chess.com"]
[Date "2023.12.12"]
[Round "3"]
[White "Tokhirjonova, Gulrukhbegim"]
[Black "Dann, Matthias"]
[Result "1-0"]
[Board "89"]
[TimeControl "180+1"]
[WhiteFideId "14203626"]
[BlackFideId "24638056"]
[WhiteElo "2665"]
[BlackElo "2479"]
[WhiteTeam "USA"]
[BlackTeam "GER"]
[WhiteClock "0:00:13"]
[BlackClock "0:00:00"]

1. Nf3 Nf6 2. d4 d5 3. g3 Bf5 4. Bg2 e6 5. O-O Be7 6. c4 c6 7. Nc3 h6 8. b3 O-O 9. Bb2 Nbd7 10. Re1 Qb8 11. Nh4 Bh7 12. f4 b5 13. c5 b4 14. Nb1 Ne4 15. Nf3 a5 16. Nbd2 Ndf6 17. Ne5 Qb5 18. e3 Rfb8 19. Bf1 Qb7 20. Kg2 a4 21. bxa4 Nxd2 22. Qxd2 Rxa4 23. Bd3 Be4+ 24. Kg1 Rba8 25. Bc1 Bxd3 26. Nxd3 Ne4 27. Qb2 b3 28. a3 Qb5 29. Rd1 Rc4 30. Nb4 Rxb4 31. axb4 Rxa1 32. Qxa1 Qe2 33. Rf1 Nd2 34. Bxd2 Qxd2 35. Qe1 Qa2 36. b5 cxb5 37. c6 Bd8 38. Qc3 1-0

[Event "December 12 Early 2023"]
[Site "https://www.chess.com"]
[Date "2023.12.12"]
[Round "3"]
[White "Mestnikov, Aisen"]
[Black "Leiva, Gianmarco"]
[Result "0-1"]
[Board "90"]
[TimeControl "180+1"]
[WhiteFideId "34130117"]
[BlackFideId "3804399"]
[WhiteElo "2478"]
[BlackElo "2662"]
[WhiteTeam "RUS"]
[BlackTeam "PER"]
[WhiteClock "0:00:14"]
[BlackClock "0:00:08"]

1. d4 Nf6 2. c4 e6 3. Nf3 b6 4. g3 Bb4+ 5. Bd2 a5 6. Bg2 Bb7 7. O-O O-O 8. Bf4 Re8 9. Ne5 Bxg2 10. Kxg2 Bf8 11. Qc2 d6 12. Nf3 Nc6 13. Rd1 Qe7 14. Nc3 e5 15. dxe5 dxe5 16. Bg5 e4 17. Nd4 Nb4 18. Qb3 h6 19. Bf4 Nd7 20. Ncb5 Nc5 21. Qc3 Rac8 22. a3 Na4 23. Qb3 Nc5 24. Qe3 Nba6 25. Na7 g5 26. Nxc8 Rxc8 27. Nc6 Qf6 28. Be5 Qxc6 29. Bc3 Ne6 30. Kg1 Nac5 31. Rab1 Nb3 32. Bf6 Qxc4 33. Qc3 Qxc3 34. Bxc3 Nec5 35. Rd5 Bg7 36. Bxg7 Kxg7 37. Rbd1 Kf6 38. Rd8 Rxd8 39. Rxd8 Na4 40. Rc8 c5 41. Rc6+ Ke5 42. Rxh6 f6 43. Rh8 Nxb2 44. Rb8 Na4 45. h4 gxh4 46. gxh4 Kf5 47. Kg2 c4 48. Kg3 c3 49. Rd8 c2 50. Rc8 Nbc5 51. Rh8 c1=Q 52. Rh5+ Kg6 53. Rd5 Qg1+ 54. Kh3 e3 55. h5+ Kh6 56. f3 Ne6 57. Rf5 Ng5+ 58. Kh4 Qh2+ 59. Kg4 Qxh5+ 60. Kf4 Qh4+ 61. Kxe3 Qc4 62. Rxf6+ Kg7 63. Rf4 Qc3+ 64. Kf2 Nc5 65. Rg4 Ne6 66. f4 Qc5+ 67. e3 Qf5 68. Kg3 Qxg4+ 69. Kxg4 Nf7 70. Kf5 Nc5 71. e4 b5 72. e5 b4 73. axb4 axb4 74. e6 b3 75. e7 b2 76. Kg4 Nd6 77. f5 b1=Q 78. Kg5 Qxf5+ 79. Kh4 Qg6 80. e8=Q Nf5+ 81. Kh3 Qg3# 0-1

[Event "December 12 Early 2023"]
[Site "https://www.chess.com"]
[Date "2023.12.12"]
[Round "3"]
[White "Adla, Diego"]
[Black "Senft, Sean"]
[Result "1-0"]
[Board "91"]
[TimeControl "180+1"]
[WhiteFideId "100072"]
[BlackFideId "2044960"]
[WhiteElo "2660"]
[BlackElo "2474"]
[WhiteTeam "ARG"]
[BlackTeam "USA"]
[WhiteClock "0:01:19"]
[BlackClock "0:00:07"]

1. c4 c6 2. d4 d5 3. cxd5 cxd5 4. Nc3 Nf6 5. Bf4 Nc6 6. e3 a6 7. Bd3 Bg4 8. Qb3 Ra7 9. h3 Bh5 10. Nge2 e6 11. O-O Bd6 12. Rfc1 O-O 13. Bxd6 Qxd6 14. Nf4 Bg6 15. Na4 b5 16. Nc5 Na5 17. Qc2 Rc7 18. b3 Rfc8 19. Qd2 Nd7 20. Nxg6 hxg6 21. Qxa5 Nxc5 22. dxc5 Rxc5 23. Rxc5 Rxc5 24. Qd2 Qc7 25. g3 a5 26. a3 Rc3 27. Bxb5 Rxb3 28. a4 Rc3 29. Rb1 Rc2 30. Qd1 Qc3 31. Qd3 Qc7 32. Rd1 Rb2 33. h4 Qc5 34. Qd4 Qc2 35. Rf1 Kh7 36. Qf4 f6 37. Qf3 Qd2 38. h5 g5 39. Qd1 Kh6 40. Qxd2 Rxd2 41. g4 f5 42. gxf5 exf5 43. Rc1 Kxh5 44. Rc7 Kg4 45. Kg2 g6 46. Rc6 Kh5 47. Ra6 f4 48. exf4 gxf4 49. Rxa5 Kg4 50. Bd7+ Kg5 51. Ra6 d4 52. Be8 d3 53. Rxg6+ Kf5 54. Rd6 Rd1 55. Bg6+ Ke5 56. Rxd3 Ra1 57. Be8 Ra2 58. Bb5 Rb2 59. Kf3 Ra2 60. Rb3 Kf5 61. Bc6 Kg5 62. Rb5+ Kh4 63. a5 Ra3+ 64. Kxf4 Ra4+ 65. Ke5 Ra2 66. f4 Kg4 67. Bd5 Rb2 68. Rxb2 1-0

[Event "December 12 Early 2023"]
[Site "https://www.chess.com"]
[Date "2023.12.12"]
[Round "3"]
[White "Souleidis, Georgios"]
[Black "Goncalves, Davi Sulzbacher"]
[Result "1/2-1/2"]
[Board "92"]
[TimeControl "180+1"]
[WhiteFideId "4206827"]
[BlackFideId "2154510"]
[WhiteElo "2652"]
[BlackElo "2472"]
[WhiteTeam "GRE"]
[BlackTeam "BRA"]
[WhiteClock "0:00:08"]
[BlackClock "0:00:14"]

1. e4 c5 2. Nf3 Nc6 3. Bc4 e6 4. O-O d5 5. Bb5 dxe4 6. Ne5 Ne7 7. Nc3 Qd4 8. Nxc6 Nxc6 9. Bxc6+ bxc6 10. Qe2 f5 11. b3 Bd6 12. Bb2 Qb4 13. d3 Ba6 14. Rfe1 Be5 15. a3 Qa5 16. b4 cxb4 17. axb4 Qxb4 18. Rxa6 Qxb2 19. Nxe4 fxe4 20. Qxe4 O-O 21. Qxe5 Qxc2 22. Qxe6+ Kh8 23. Qe2 Rae8 24. Qxe8 Qxf2+ 25. Kh1 h6 26. Qxf8+ Qxf8 27. Rea1 Qf5 28. Rxa7 Qxd3 29. h3 Qd4 30. R7a6 c5 31. Rc1 Qe3 32. Raa1 Qd4 33. Ra2 h5 34. Rac2 h4 35. Rxc5 Kh7 36. R5c4 Qf6 37. Rg4 Qf2 38. Rgc4 Qg3 39. R4c2 Qe3 40. Rc3 Qd2 41. Rc7 Qf4 42. R7c3 Qd2 43. Rc4 Qg5 44. Rd1 Qg3 45. Rcd4 Qf2 46. R4d3 Qe2 47. Rd4 Qf2 48. Rd5 Qg3 49. Rd7 Qf2 50. R1d3 Qe1+ 51. Kh2 Qe5+ 52. Kg1 Qe1+ 53. Kh2 Qe5+ 54. Kg1 Qe1+ 55. Kh2 1/2-1/2

[Event "December 12 Early 2023"]
[Site "https://www.chess.com"]
[Date "2023.12.12"]
[Round "3"]
[White "Hrebenshchykova, Yelyzaveta"]
[Black "Koellner, Ruben Gideon"]
[Result "1/2-1/2"]
[Board "93"]
[TimeControl "180+1"]
[WhiteFideId "14159899"]
[BlackFideId "12993093"]
[WhiteElo "2470"]
[BlackElo "2650"]
[WhiteTeam "UKR"]
[BlackTeam "GER"]
[WhiteClock "0:00:05"]
[BlackClock "0:01:02"]

1. e4 d6 2. d4 Nf6 3. Nc3 e5 4. Nf3 Nbd7 5. Rg1 c6 6. g4 h6 7. Be3 b5 8. a3 Be7 9. h4 Nf8 10. Nd2 Ng6 11. g5 hxg5 12. hxg5 Nh5 13. Rh1 Nhf4 14. Rxh8+ Nxh8 15. Bxf4 exf4 16. Qh5 Ng6 17. Nf3 Qd7 18. d5 Qg4 19. Qxg4 Bxg4 20. Be2 Bxf3 21. Bxf3 cxd5 22. exd5 a6 23. Ne4 Ne5 24. Ke2 Rc8 25. c3 a5 26. Rh1 Kd7 27. Rh7 g6 28. Bg2 Rc4 29. f3 b4 30. axb4 axb4 31. Nd2 Rc5 32. cxb4 Rxd5 33. Ne4 Rb5 34. Bh3+ Kc7 35. Nc3 Rb7 36. Rh8 Kc6 37. b5+ Kb6 38. Ra8 Bxg5 39. Ra6+ Kc5 40. Ne4+ Kxb5 41. Rxd6 Be7 42. Rd5+ Ka4 43. Rxe5 Rxb2+ 44. Nd2 Bb4 45. Rd5 f5 46. Rd7 Bc3 47. Kd1 Kb4 48. Ke2 Kc5 49. Kd1 Rxd2+ 50. Rxd2 Bxd2 51. Kxd2 Kd4 52. Ke2 Kc3 53. Kf2 Kd2 54. Bf1 Kc3 55. Bb5 Kd4 56. Bd7 Ke5 57. Kg2 g5 58. Bc8 Kf6 59. Kh3 Kg6 60. Bd7 Kf6 61. Bc8 Ke5 62. Bd7 Kf6 63. Kg2 Kg6 64. Kh3 Kf6 1/2-1/2

[Event "December 12 Early 2023"]
[Site "https://www.chess.com"]
[Date "2023.12.12"]
[Round "3"]
[White "Seemann, Jakub"]
[Black "Perossa, Nicolas"]
[Result "1-0"]
[Board "94"]
[TimeControl "180+1"]
[WhiteFideId "21874697"]
[BlackFideId "2850520"]
[WhiteElo "2649"]
[BlackElo "2469"]
[WhiteTeam "POL"]
[BlackTeam "ITA"]
[WhiteClock "0:01:29"]
[BlackClock "0:00:00"]

1. c3 c5 2. d4 d6 3. Nf3 Nf6 4. Bf4 Nbd7 5. h3 Qb6 6. Qb3 c4 7. Qc2 d5 8. Nbd2 e6 9. e3 Bd6 10. Bxd6 Qxd6 11. Be2 a6 12. e4 dxe4 13. Nxe4 Nxe4 14. Qxe4 Nf6 15. Qc2 b5 16. O-O Bb7 17. Ne5 O-O 18. b3 cxb3 19. axb3 Rac8 20. Qb2 Rfd8 21. Rfd1 Nd5 22. Rac1 Nf4 23. Bf3 Bxf3 24. Nxf3 Qd5 25. Kh2 Nxh3 26. Kxh3 Qh5+ 27. Kg3 f5 28. Qd2 e5 29. Nxe5 g5 30. f4 Qh4+ 31. Kf3 g4+ 32. Ke2 Qg3 33. Rg1 b4 34. Qe3 Qh4 35. Rh1 Qf6 36. c4 a5 37. d5 Re8 38. Kf2 Re7 39. c5 Rce8 40. d6 Rxe5 41. fxe5 Rxe5 42. Qh6 g3+ 43. Kf3 Qf7 44. Qg5+ 1-0